 Dungeon Crawl Stone Soup version 0.31-a0-544-gceb718ecc6 (webtiles) character file.

Game seed: 5581598229862838458

8352 Arcadio the Tainter (level 11, 0/68 HPs)
             Began as a Formicid Venom Mage on Aug 15, 2023.
             Was a Priest of Elyvilon.
             Slain by a komodo dragon (25 damage)
             ... on level 12 of the Dungeon.
             The game lasted 00:58:35 (15193 turns).

Arcadio the Tainter (Formicid Venom Mage)          Turns: 15193, Time: 00:58:35

Health: 0/68       AC:  9    Str: 12    XL:     11   Next: 54%
Magic:  31/33      EV: 19    Int: 20    God:    Elyvilon [***...]
Gold:   1760       SH:  0    Dex: 14    Spells: 19/29 levels left

rFire   . . .        t - +0 morningstar (freeze)
rCold   . . .        (no shield)
rNeg    . . .        C - +3 leather armour
rPois   .            (helmet unavailable)
rElec   .            (no cloak)
rCorr   .            p - +0 pair of gloves
SInv    +            L - +0 pair of boots
Will    +....        (no amulet)
Stlth   ++           i - +5 ring of evasion
HPRegen 0.31/turn    I - ring of magical power
MPRegen 0.23/turn

%: no passive effects
@: mighty
A: permanent stasis, dig shafts and tunnels, antennae 3, four strong arms
a: Dig, Shaft Self, Renounce Religion, Purification, Heal Other, Heal Self


You were on level 12 of the Dungeon.
You worshipped Elyvilon.
Elyvilon was most pleased with you.
You visited 3 branches of the dungeon, and saw 14 of its levels.

You collected 1760 gold pieces.

Inventory:

Hand Weapons
 d - a +0 dagger
 j - a +5 morningstar of freezing
 o - a +2 dagger of protection
 t - a +0 morningstar of freezing (weapon)
 v - a +2 whip of venom
 y - the +6 hand axe of the Solstice {freeze, Str+2 SInv}
   (You found it on level 5 of the Dungeon)

   Str+2:     It affects your strength (+2).
   SInv:      It lets you see invisible.
Armour
 a - a +1 robe
 k - a +0 ring mail
 p - a +0 pair of gloves (worn)
 u - a +0 leather armour
 C - a +3 leather armour (worn)
 H - a +0 buckler
 L - a +0 pair of boots (worn)
 M - a +0 troll leather armour
Jewellery
 i - a +5 ring of evasion (left hand)
 I - a ring of magical power (right hand)
Wands
 w - a wand of iceblast (10)
 B - a wand of polymorph (13)
 D - a wand of flame (10)
 E - a wand of mindburst (16)
Scrolls
 e - 7 scrolls of enchant armour
 h - 3 scrolls of fog
 l - a scroll of butterflies
 m - a scroll of brand weapon
 n - 2 scrolls of vulnerability
 q - 3 scrolls of immolation
 s - 2 scrolls of noise {unknown}
 z - a scroll of amnesia {unknown}
 A - 2 scrolls of fear {unknown}
 G - 2 scrolls of revelation
Potions
 b - a potion of magic
 c - a potion of heal wounds
 g - 2 potions of mutation
 x - 3 potions of lignification
 F - 3 potions of brilliance
 K - 3 potions of curing


   Skills:
 + Level 7.4 Armour
 - Level 6.3 Dodging
 - Level 2.4 Stealth
 + Level 9.8 Spellcasting
 - Level 1.1 Transmutations
 + Level 12.9 Poison Magic
 + Level 5.8 Invocations


You had 19 spell levels left.
You knew the following spells:

 Your Spells              Type           Power      Damage    Failure   Level
a - Sting                 Tmut/Pois      100%       1d8       1%          1
b - Poisonous Vapours     Pois/Air       70%        N/A       1%          2
c - Olgreb's Toxic Radia  Pois           57%        N/A       1%          4
d - Mephitic Cloud        Conj/Pois/Air  27%        N/A       4%          3

Your spell library contained the following spells:

 Spells                   Type           Power      Damage    Failure   Level
 Cigotuvi's Dreadful Rot  Necr/Pois/Air  54%        N/A       2%          2
 Ignite Poison            Fire/Tmut/Pois 28%        N/A       3%          3
 Shock                    Conj/Air       36%        1d5       9%          1
 Lesser Beckoning         Tloc           18%        N/A       13%         2
 Gell's Gravitas          Tloc           9%         N/A       26%         3
 Teleport Other           Tloc           9%         N/A       26%         3
 Manifold Assault         Tloc           9%         N/A       65%         4
 Summon Ice Beast         Ice/Summ       9%         N/A       65%         4
 Freezing Cloud           Conj/Ice/Air   4%         6-21      94%         5
 Summon Mana Viper        Hex/Summ       9%         N/A       94%         5
 Summon Hydra             Summ           4%         N/A       100%        7
 Blink                    Tloc           Unusable   N/A       N/A         2

Dungeon Overview and Level Annotations

Branches:
Dungeon (10/15) Zot: 26814  Temple (1/1) D:6 Zot: 5998    Lair (0/5) D:10
    Orc (2/2) D:10 Zot: 11800
    Elf: Orc:2

Altars:
Ashenzari
Cheibriados
Dithmenos
Elyvilon
Fedhas
Gozag
Hepliaklqana
Kikubaaqudgha
Makhleb
Nemelex Xobeh
Okawaru
Qazlal
Ru
Trog
Uskayaw
Vehumet
Wu Jian
Yredelemnul
The Shining One

Annotations:
D:4 3 runed translucent doors, flestrin's ghost, amateur HOFi
D:10 Erolcha; Urug
Orc:2 Donald


Innate Abilities, Weirdness & Mutations

You cannot be hasted, slowed, berserked, paralysed or teleported.
You can dig through walls and to a lower floor.
You have a pair of large antennae on your head. (SInv)
Your four strong arms can wield two-handed weapons with a shield.


Message History

The manticore bites you but does no damage.
The manticore claws you. The manticore completely misses you.
Okay, then.
Okay, then.
You feel very mighty all of a sudden. The manticore bites you!
The manticore barely misses you. The manticore closely misses you.
You puncture the manticore! You freeze the manticore.
The manticore is moderately wounded.
The manticore misses you.
The manticore claws you but does no damage. x2
The manticore barely misses you. The manticore completely misses you.
The manticore claws you.
You barely miss the manticore.
The manticore is moderately wounded.
The manticore closely misses you. The manticore claws you.
The manticore barely misses you.
You hit the manticore. You freeze the manticore.
The manticore is moderately wounded.
The manticore bites you! The manticore closely misses you. x2
The manticore misses you. The manticore barely misses you. x2
You hit the manticore. You freeze the manticore.
The manticore is heavily wounded.
The manticore misses you. The manticore claws you.
The manticore completely misses you.
You puncture the manticore! You freeze the manticore!
The manticore is almost dead.
The manticore misses you. The manticore closely misses you.
The manticore misses you. The manticore closely misses you.
The manticore barely misses you. x2
You barely miss the manticore.
The manticore is almost dead.
The manticore bites you. The manticore closely misses you.
The manticore completely misses you.
You puncture the manticore! You freeze the manticore.
You kill the manticore!
The komodo dragon bites you!!
* * * LOW HITPOINT WARNING * * *
You are healed.
The komodo dragon bites you!!
You die...

{ { #+ !$# {
{ #[D ####
##+# ...##.#
{ #.#.#.#@##
+..$.Tl#.####
#.###.###.#.#
... ##.##
#### ###


You could see a komodo dragon and a troll.

Vanquished Creatures
  2 two-headed ogres
  Pikel (D:7)
  A manticore (D:12)
  An ugly thing (D:7)
  2 trolls
  A slime creature (D:10)
  Sigmund (D:4)
  4 wyverns (D:9)
  A wraith (D:7)
  A steam dragon (D:5)
  2 water moccasins
  Duvessa (D:5)
  An ice beast (D:6)
  3 orc warriors
  3 black bears
  An ogre (D:6)
  4 centaurs
  4 lemures (D:8)
  A phantom (D:6)
  4 bullfrogs
  A gnoll sergeant (D:4)
  7 scorpions
  14 wights
  Dowan (D:5)
  6 killer bees (D:10)
  3 howler monkeys
  6 orc priests
  4 hounds
  5 jellies
  Ijyb (D:5)
  5 iguanas
  2 sleepcaps (D:7)
  7 orc wizards
  11 gnolls
  9 adders
  3 shadow imps
  2 white imps
  4 ufetubi
  3 dart slugs
  23 orcs
  7 ball pythons
  5 bats (D:1)
  5 endoplasms
  2 giant cockroaches
  13 hobgoblins
  2 jackals (D:1)
  7 kobolds
  3 quokkas
  5 frilled lizards
  18 goblins
  8 rats
231 creatures vanquished.

Notes
Turn   | Place    | Note
-------+----------+-------------------------------------------
     0 | D:1      | Arcadio the Formicid Venom Mage began the quest for the
                  | Orb.
     0 | D:1      | Reached XP level 1. HP: 13/13 MP: 3/3
   156 | D:1      | Reached XP level 2. HP: 16/19 MP: 0/5
   159 | D:1      | Learned a level 2 spell: Poisonous Vapours
   214 | D:1      | Found a faded altar of an unknown god.
   342 | D:1      | Got Plato's Handbook of Hurting and Austromancy
   567 | D:1      | Reached XP level 3. HP: 24/24 MP: 6/6
   974 | D:1      | Prayed at the altar of an unknown god.
   974 | D:1      | Became a worshipper of Elyvilon the Healer
   974 | D:1      | Reached * piety under Elyvilon
  1933 | D:2      | Reached XP level 4. HP: 30/30 MP: 6/8
  2041 | D:2      | Reached skill level 5 in Poison Magic
  2391 | D:2      | Learned a level 4 spell: Olgreb's Toxic Radiance
  2603 | D:2      | Reached ** piety under Elyvilon
  3094 | D:3      | Reached XP level 5. HP: 35/35 MP: 9/9
  3571 | D:4      | Noticed an ice beast
  3571 | D:4      | Noticed flestrin's ghost (amateur HOFi)
  3571 | D:4      | Noticed an ice beast
  3582 | D:4      | Noticed Sigmund
  3610 | D:4      | Killed Sigmund
  3611 | D:4      | Reached skill level 6 in Poison Magic
  3611 | D:4      | Reached XP level 6. HP: 28/41 MP: 1/12
  3757 | D:4      | Reached *** piety under Elyvilon
  3814 | D:4      | Found an ornate altar of the Wu Jian Council.
  3987 | D:4      | Learned a level 3 spell: Mephitic Cloud
  4410 | D:4      | Reached XP level 7. HP: 39/46 MP: 8/13
  4506 | D:4      | Found an iron altar of Okawaru.
  4605 | D:4      | Found a hide-covered altar of Uskayaw.
  4621 | D:4      | Found a broken altar of Ashenzari.
  4636 | D:4      | Found a runed translucent gate.
  4636 | D:4      | Found a runed translucent gate.
  4636 | D:4      | Found a runed translucent gate.
  5272 | D:5      | Entered Level 5 of the Dungeon
  5272 | D:5      | Found a transporter.
  5277 | D:5      | Found a transporter.
  5286 | D:5      | Reached skill level 7 in Poison Magic
  5397 | D:5      | Reached skill level 5 in Spellcasting
  5514 | D:5      | Reached XP level 8. HP: 52/52 MP: 7/15
  5747 | D:5      | Reached **** piety under Elyvilon
  5782 | D:5      | Noticed Ijyb
  5859 | D:5      | Killed Ijyb
  6096 | D:5      | Identified the +6 hand axe of the Solstice {freeze, Str+2
                  | SInv}
  6136 | D:5      | Noticed Dowan
  6164 | D:5      | Found a sparkling altar of Nemelex Xobeh.
  6171 | D:5      | Reached skill level 5 in Dodging
  6248 | D:5      | Reached skill level 8 in Poison Magic
  6654 | D:5      | Noticed Duvessa
  6676 | D:5      | Killed Duvessa
  6682 | D:5      | Killed Dowan
  7307 | D:6      | Reached XP level 9. HP: 57/57 MP: 13/18
  7316 | D:6      | Reached skill level 9 in Poison Magic
  7671 | D:6      | Reached skill level 1 in Armour
  7813 | D:6      | Reached skill level 10 in Poison Magic
  8274 | D:6      | Found a staircase to the Ecumenical Temple.
  8285 | Temple   | Entered the Ecumenical Temple
  9394 | D:6      | You fall into a shaft and drop 3 floors!
  9564 | D:9      | Got Mnoleg's Folio of Support
  9579 | D:9      | Noticed a two-headed ogre
  9585 | D:9      | Found a blossoming altar of Fedhas.
  9625 | D:9      | Reached XP level 10. HP: 26/63 MP: 21/21
  9629 | D:9      | Elyvilon protects you from harm!
  9633 | D:9      | Killed a two-headed ogre
  9634 | D:9      | Reached skill level 11 in Poison Magic
  9965 | D:8      | Noticed Pikel
 10067 | D:7      | Reached skill level 5 in Armour
 10130 | D:7      | Noticed a cyan ugly thing
 10139 | D:7      | You fall into a shaft and drop 3 floors!
 10139 | D:10     | Entered Level 10 of the Dungeon
 10289 | D:10     | Found a staircase to the Orcish Mines.
 10298 | Orc:1    | Entered Level 1 of the Orcish Mines
 10309 | D:10     | Reached skill level 1 in Invocations
 10567 | Orc:2    | Entered Level 2 of the Orcish Mines
 10575 | Orc:2    | Reached ***** piety under Elyvilon
 10598 | Orc:2    | Noticed Donald
 10682 | D:7      | Killed a cyan ugly thing
 11327 | D:7      | Noticed a two-headed ogre
 11347 | D:7      | Killed a two-headed ogre
 11522 | D:7      | Found a shadowy altar of Dithmenos.
 11523 | D:7      | Found an opulent altar of Gozag.
 11739 | D:7      | Identified a scroll of acquirement
 11742 | D:7      | Acquired 785 gold pieces
 12084 | D:7      | Reached skill level 12 in Poison Magic
 12120 | D:7      | Killed Pikel
 12121 | D:7      | Reached XP level 11. HP: 46/68 MP: 24/24
 12838 | D:8      | Found a stormy altar of Qazlal.
 13366 | D:7      | You fall into a shaft and drop 2 floors!
 13757 | D:9      | Reached skill level 5 in Invocations
 14474 | D:10     | Found a staircase to the Lair.
 14882 | D:10     | Found a glowing golden altar of the Shining One.
 14935 | D:10     | Noticed Erolcha
 14992 | D:10     | Noticed Urug
 15010 | D:10     | Elyvilon protects you from harm!
 15012 | D:10     | You fall into a shaft and drop 2 floors!
 15168 | D:12     | Noticed a six-headed hydra
 15179 | D:12     | Noticed a manticore
 15192 | D:12     | Killed a manticore
 15192 | D:12     | HP: 1/68 [komodo dragon (26)]
 15193 | D:12     | Slain by a komodo dragon

Illustrated notes

Levels and vault maps discovered:
D:1:      dpeg_arrival_tiny_k, layout_basic,
          shapermc_ecumenical_altar_rom_forum, minmay_three_crescents
D:2:      cheibrodos_greedy_goblins, layout_loops_ring
D:3:      layout_loops_corners
D:4:      layout_loops_ring, mainiacjoe_overflow_big_doors,
          mainiacjoe_overflow_small_starburst, kennysheep_mini,
          gammafunk_ghost_icy, uniq_sigmund
D:5:      gammafunk_wand_slinger, layout_gridville,
          mainiacjoe_overflow_concentric_impassable, uniq_duvessa, uniq_ijyb
D:6:      layout_layer_cave, temple_hall, minmay_circle_x
D:7:      nzn_winding_woodlands_small [nzn_winding_woodlands_5x15_pockets,
          nzn_winding_woodlands_center_diamonds,
          nzn_winding_woodlands_5x15_pathside_ponds], layout_gridville,
          gammafunk_temple_overflow_statue
D:8:      layout_rooms, overflow_temple_1_default, uniq_pikel
D:9:      layout_cave_pools, fedhas_altar_1, minivault_10
D:10:     layout_irregular_city, mainiacjoe_overflow_catwalk,
          amcnicky_altar_gilded, zin_academy, nicolae_sif_muna_little_library,
          lair_entry_dummy, orc_0_dummy, uniq_erolcha, uniq_urug
D:12:     minmay_the_grid_square_5x5_5x5 [minmay_the_grid_square_5x5_hourglass,
          minmay_the_grid_square_5x5_sharp_hourglass,
          minmay_the_grid_square_5x5_mess, minmay_the_grid_square_5x5_trominoes,
          minmay_the_grid_square_5x5_z, minmay_the_grid_square_5x5_three_walls,
          minmay_the_grid_square_5x5_prize_itemx,
          minmay_the_grid_square_5x5_bite,
          minmay_the_grid_square_5x5_prize_junk,
          minmay_the_grid_square_5x5_inner_z,
          minmay_the_grid_square_5x5_bracketed,
          minmay_the_grid_square_5x5_seven,
          minmay_the_grid_square_5x5_prize_snowflake,
          minmay_the_grid_square_5x5_bridge, minmay_the_grid_square_5x5_eight,
          minmay_the_grid_square_5x5_dogpile,
          minmay_the_grid_square_5x5_prize_pseudospiral,
          minmay_the_grid_square_5x5_minivault,
          minmay_the_grid_square_5x5_prize_deathbox,
          minmay_the_grid_square_5x5_half_checkered,
          minmay_the_grid_square_5x5_inverted_slash,
          minmay_the_grid_square_5x5_meh, minmay_the_grid_square_5x5_minimal,
          minmay_the_grid_square_5x5_spiral_small,
          minmay_the_grid_square_5x5_one_wall], layout_cave_pools,
          yredelemnul_forgotten_temple_becter
Temple:   hellmonk_temple_beads
Orc:1:    layout_diamond_mine
Orc:2:    st_orc_mages, layout_caves, serial_shops, nicolae_shop_rolling_square,
          basic_altar, nicolae_shop_overcharged_wands, uniq_donald, uniq_snorg

Skill      XL: |  1  2  3  4  5  6  7  8  9 10 11 |
---------------+----------------------------------+-----
Dodging        | 2 3 4 5 6 |  6.3
Spellcasting   | 3 4 5 6 7 9 |  9.8
Poison Magic   | 5 6 7 8 10 12 | 12.9
Armour         | 3 6 7 |  7.4
Invocations    | 4 5 |  5.8
Stealth        | |  2.4
Transmutations | |  1.1

Action                     |  1- 3 |  4- 6 |  7- 9 | 10-12 || total
---------------------------+-------+-------+-------+-------++-------
  Melee: Unarmed           |    16 |       |       |       ||    16
         Dagger            |    65 |   131 |    12 |       ||   208
         Punch             |     3 |     1 |     2 |     6 ||    12
         Morningstar       |       |    13 |    32 |   226 ||   271
         Hand axe          |       |       |    91 |    74 ||   165
   Cast: Sting             |    33 |    26 |    30 |    13 ||   102
         Poisonous Vapours |     7 |    13 |    53 |    31 ||   104
         Olgreb's Toxic Ra |       |       |    16 |     8 ||    24
         Mephitic Cloud    |       |       |       |     1 ||     1
 Invoke: Purification      |       |       |     1 |       ||     1
         Heal Self         |       |       |       |    13 ||    13
Ability: Shaft Self        |       |       |     1 |     3 ||     4
         Dig               |       |       |     1 |       ||     1
  Evoke: Wand              |       |       |       |     9 ||     9
    Use: Scroll            |     1 |     6 |     5 |     9 ||    21
         Potion            |       |       |     1 |     1 ||     2
   Stab: Sleeping          |     3 |     1 |     2 |     2 ||     8
 Armour: Robe              |     8 |    28 |     9 |       ||    45
         Skin              |       |       |     1 |       ||     1
         Leather armour    |       |       |    17 |    53 ||    70
  Dodge: Dodged            |    75 |   133 |   179 |   406 ||   793

Table legend: (Time is in decaauts)
 A = Elapsed time spent in this place.
 B = Non-inter-level travel time spent in this place.
 C = Inter-level travel time spent in this place.
 D = Time resting spent in this place.
 E = Time spent auto-exploring this place.
 F = Levels seen in this place.
 G = Mean time per level.
                   A        B        C        D        E       F      G
               +--------+--------+--------+--------+--------+-----+--------+
         Total |  15382 |  14985 |    397 |   5622 |   5337 |  14 | 1098.7 |
       Dungeon |  15180 |  14783 |    397 |   5572 |   5337 |  11 | 1380.0 |
        Temple |      1 |      1 |      0 |      0 |      0 |   1 |    1.0 |
  Orcish Mines |    199 |    199 |      0 |     50 |      0 |   2 |   99.5 |
               +--------+--------+--------+--------+--------+-----+--------+

Top non-repeatable levels by time:
     D:7: 2669 daAuts
     D:5: 2051 daAuts
     D:6: 1861 daAuts
     D:4: 1725 daAuts
     D:1: 1459 daAuts
     D:2: 1241 daAuts
     D:9: 1232 daAuts
    D:10: 986 daAuts
     D:8: 916 daAuts
     D:3: 852 daAuts
    D:12: 184 daAuts
   Orc:1: 161 daAuts
   Orc:2: 37 daAuts
  Temple: 1 daAuts
